 Dungeon Crawl Stone Soup version 0.24-a0-292-g5c6fb1c (webtiles) character file.

Game seed: 5577668581814296936

15083 Gimme the Protected (level 11, -30/101 HPs)
             Began as a Minotaur Berserker on May 11, 2019.
             Was a High Priest of Trog.
             Killed from afar by a frost giant (44 damage)
             ... with a bolt of cold
             ... on level 11 of the Dungeon.
             The game lasted 00:23:47 (11668 turns).

Gimme the Protected (Minotaur Berserker)           Turns: 11668, Time: 00:23:48

Health: -30/101    AC: 22    Str: 26    XL:     11   Next: 97%
Magic:  10/10      EV: 11    Int:  4    God:    Trog [*****.]
Gold:   571        SH: 14    Dex:  9    Spells: 10/10 levels left

rFire    . . .     SeeInvis .   s - +7 flail (holy)
rCold    . . .     Gourm    .   b - +2 shield
rNeg     . . .     Faith    .   O - +0 plate armour
rPois    +         Spirit   .   (helmet restricted)
rElec    .         Reflect  .   G - +2 cloak
rCorr    .         Harm     +   (no gloves)
MR       .....                  t - +0 pair of boots
Stlth    ..........             q - amulet of harm
HPRegen  0.26/turn              x - +3 ring of evasion
MPRegen  0.12/turn              y - ring of poison resistance

@: berserk cooldown, slowed, very slow
A: retaliatory headbutt, horns 2
a: Berserk, Trog's Hand, Brothers in Arms, Renounce Religion


You were on level 11 of the Dungeon.
You worshipped Trog.
Trog was extremely pleased with you.
You were not hungry.

You visited 1 branch of the dungeon, and saw 11 of its levels.

You collected 571 gold pieces.

Inventory:

Hand Weapons
 s - a +7 flail of holy wrath (weapon)
 u - a +0 war axe
 E - a +3 hunting sling of velocity
 M - a +0 trident of piercing
Missiles
 j - 13 tomahawks (quivered)
 F - 72 sling bullets
Armour
 b - a +2 shield (worn)
 t - a +0 pair of boots (worn)
 G - a +2 cloak (worn)
 O - a +0 plate armour (worn)
 P - a +2 robe of fire resistance
Jewellery
 q - an amulet of harm (around neck)
 x - a +3 ring of evasion (left hand)
 y - a ring of poison resistance (right hand)
Wands
 k - a wand of acid (2)
 A - a wand of iceblast (18)
 D - a wand of scattershot (7)
 J - a wand of disintegration (5)
 L - a wand of polymorph (24)
Scrolls
 f - 11 scrolls of remove curse
 h - a scroll of enchant weapon {unknown}
 i - 2 scrolls of immolation {unknown}
 l - 2 scrolls of teleportation
 v - a scroll of amnesia {unknown}
 z - a scroll of vulnerability {unknown}
 B - 2 scrolls of magic mapping
 C - a scroll of summoning {unknown}
 I - a scroll of noise {unknown}
 K - a scroll of fear {unknown}
 Q - a scroll of blinking {unknown}
Potions
 d - 6 potions of haste
 m - 2 potions of agility
 n - 3 potions of curing
 o - a potion of magic {unknown}
 p - 2 potions of brilliance
 r - 2 potions of berserk rage
 w - 4 potions of lignification
 R - 2 potions of heal wounds
Comestibles
 c - 19 rations


   Skills:
 + Level 10.8 Fighting
 * Level 10.8 Axes
 - Level 1.3(7.0) Maces & Flails
 * Level 14.7 Armour
 - Level 2.1 Dodging
 + Level 10.0 Shields
 + Level 0.2 Evocations


You had 10 spell levels left.
You didn't know any spells.
Your spell library was empty.

Dungeon Overview and Level Annotations

Branches:
Dungeon (11/15)            Temple (0/1) D:4            Lair (0/6) D:10
    Orc (0/2) D:11

Altars:
Ashenzari
Cheibriados
Dithmenos
Hepliaklqana
Uskayaw
Zin
The Shining One
Beogh

Shops:
D:7 (=!

Annotations:
D:4 exclusion: downstairs
D:10 exclusion: downstairs
D:11 Maurice


Innate Abilities, Weirdness & Mutations

You reflexively headbutt those who attack you in melee.
You have a pair of horns on your head.


Message History

Maurice is heavily wounded.
Maurice hits you but does no damage.
You thump Maurice!
Maurice is almost dead.
Maurice closely misses you.
You closely miss Maurice. You headbutt Maurice.
Maurice is almost dead.
You block Maurice's attack.
You hit the frost giant but do no damage.
The frost giant gestures at you while chanting.
The bolt of cold hits you!
You bludgeon the frost giant!!
You headbutt the frost giant, but do no damage.
The frost giant is moderately wounded.
The frost giant points at you and mumbles some strange words.
The bolt of cold hits you!!!
* * * LOW HITPOINT WARNING * * *
The frost giant gestures at you while chanting.
The bolt of cold hits you!!!
You die...

..>...#.########
##########
......#.#..#.#.#. .
......##.#.#.#)#.#.
......#.#.#.#.#.#.#
####..####.#.(#.#.#
#..#...#.#(#.#.#
#..#....#.#[.#@#
#..#####.#†#)#C#
#..#......#.#@.#
#..#########%#.....#
#### ##[#...#.#
#.#.#.# #.#.#..
#.#... #.#.. #.#. #.


You could see a frost giant and Maurice.

Vanquished Creatures
  A hydra (D:11)
  Erolcha (D:9)
  2 two-headed ogres
  Erica (D:11)
  An unseen horror (D:10)
  An orc knight (D:11)
  A deep elf mage (D:11)
  Joseph (D:7)
  A yaktaur (D:11)
  A troll (D:10)
  4 hippogriffs
  A shadow (D:11)
  A wyvern (D:11)
  3 basilisks
  15 yaks
  Menkaure (D:6)
  Edmund (D:4)
  Duvessa (D:6)
  A water moccasin (D:10)
  4 porcupines (D:10)
  2 black bears
  4 ice beasts
  3 orc warriors
  5 sky beasts
  2 necrophages
  3 ogres
  A centaur (D:11)
  A crocodile (D:10)
  2 big kobolds
  6 bullfrogs
  2 wyvern zombies
  Dowan (D:6)
  2 scorpions (D:4)
  3 jellies
  3 bullfrog zombies
  2 centaur zombies (D:11)
  6 crimson imps
  2 centaur skeletons (D:11)
  6 hounds
  Crazy Yiuf (D:7)
  7 orc priests
  6 bullfrog skeletons
  An iron imp (D:7)
  11 orc wizards
  6 iguanas
  7 worker ants
  3 hound zombies
  2 hound skeletons
  Robin (D:3)
  A worker ant zombie (D:10)
  7 adders
  4 shadow imps
  A worker ant simulacrum (D:11)
  An ooze (D:3)
  2 adder zombies
  3 adder skeletons
  3 worms
  A dart slug (D:1)
  3 leopard geckos
  29 orcs
  7 bats
  A giant cockroach (D:2)
  15 goblins
  15 hobgoblins
  15 jackals
  3 quokkas
  2 ball pythons
  A ball python skeleton (D:5)
  A ball python zombie (D:5)
  6 frilled lizards
  A jackal zombie (D:6)
  21 kobolds
  A leopard gecko zombie (D:5)
  13 rats
301 creatures vanquished.

Notes
Turn   | Place    | Note
-------+----------+-------------------------------------------
     0 | D:1      | Gimme the Minotaur Berserker began the quest for the Orb.
     0 | D:1      | Reached XP level 1. HP: 19/19 MP: 0/0
   108 | D:1      | Reached XP level 2. HP: 18/27 MP: 1/1
   887 | D:2      | Noticed a bullfrog
   893 | D:2      | Killed a bullfrog
   893 | D:2      | Reached ** piety under Trog
   893 | D:2      | Reached skill level 5 in Fighting
   893 | D:2      | Reached XP level 3. HP: 36/36 MP: 2/2
   893 | D:2      | Reached XP level 4. HP: 42/42 MP: 3/3
   998 | D:2      | Reached skill level 5 in Axes
  1149 | D:2      | Noticed a sky beast
  1223 | D:2      | Killed a sky beast
  1223 | D:2      | Reached skill level 3 in Armour
  1223 | D:2      | Reached XP level 5. HP: 34/48 MP: 4/4
  1729 | D:3      | Noticed Robin
  1743 | D:3      | Killed Robin
  1897 | D:3      | Reached *** piety under Trog
  1897 | D:3      | Reached XP level 6. HP: 57/57 MP: 5/5
  3509 | D:4      | Reached XP level 7. HP: 41/63 MP: 6/6
  4375 | D:4      | Noticed Edmund
  4386 | D:4      | Reached skill level 4 in Armour
  4388 | D:4      | Killed Edmund
  4527 | D:4      | Found a staircase to the Ecumenical Temple.
  4824 | D:5      | Entered Level 5 of the Dungeon
  4985 | D:5      | Reached skill level 1 in Maces & Flails
  4985 | D:5      | Reached skill level 5 in Armour
  5039 | D:5      | Reached XP level 8. HP: 73/73 MP: 7/7
  5422 | D:5      | Reached skill level 6 in Armour
  5543 | D:5      | Found a glowing silver altar of Zin.
  5897 | D:6      | Reached skill level 1 in Shields
  5924 | D:6      | Noticed Duvessa
  5924 | D:6      | Noticed Dowan
  5931 | D:6      | Killed Duvessa
  5937 | D:6      | Killed Dowan
  5937 | D:6      | Reached skill level 7 in Armour
  5957 | D:6      | Reached **** piety under Trog
  5966 | D:6      | Found a hazy altar of Hepliaklqana.
  6073 | D:6      | Noticed Menkaure
  6079 | D:6      | Killed Menkaure
  6105 | D:6      | Reached skill level 8 in Armour
  6240 | D:6      | Reached XP level 9. HP: 81/81 MP: 8/8
  6407 | D:7      | Reached skill level 9 in Armour
  6466 | D:7      | Found a hide-covered altar of Uskayaw.
  6470 | D:7      | Found a glowing golden altar of the Shining One.
  6478 | D:7      | Found a shattered altar of Ashenzari.
  6564 | D:7      | Found Ataofid's Distillery.
  6598 | D:7      | Found Akirhiggoo's Jewellery Shoppe.
  6614 | D:7      | Found a runed translucent door.
  6615 | D:7      | Noticed Crazy Yiuf
  6727 | D:7      | Found a snail-covered altar of Cheibriados.
  6727 | D:7      | Noticed Joseph
  6743 | D:7      | Killed Joseph
  6743 | D:7      | Reached skill level 10 in Armour
  6977 | D:7      | Found a hazy altar of Hepliaklqana.
  7303 | D:7      | Found Esesuhe's Antique Weapon Emporium.
  7375 | D:7      | Killed Crazy Yiuf
  7568 | D:8      | Noticed a two-headed ogre
  7575 | D:8      | Killed a two-headed ogre
  7575 | D:8      | Reached skill level 11 in Armour
  7575 | D:8      | Reached skill level 5 in Shields
  7575 | D:8      | Reached XP level 10. HP: 66/91 MP: 9/9
  7819 | D:8      | Reached ***** piety under Trog
  7971 | D:8      | Received a gift from Trog
  8732 | D:9      | Noticed Erolcha
  8750 | D:9      | Killed Erolcha
  8750 | D:9      | Reached skill level 12 in Armour
  8835 | D:9      | Found a shadowy altar of Dithmenos.
  9060 | D:10     | Entered Level 10 of the Dungeon
  9239 | D:10     | Reached skill level 10 in Fighting
  9239 | D:10     | Noticed a two-headed ogre
  9248 | D:10     | Reached skill level 13 in Armour
  9253 | D:10     | Killed a two-headed ogre
  9253 | D:10     | Reached skill level 10 in Axes
  9253 | D:10     | Reached XP level 11. HP: 55/99 MP: 10/10
  9398 | D:10     | Found a staircase to the Lair.
  9702 | D:10     | Killed an unseen horror
 10164 | D:11     | Noticed Erica
 10174 | D:11     | Killed Erica
 10238 | D:11     | Reached skill level 14 in Armour
 10380 | D:11     | Noticed Maurice
 10385 | D:11     | Paralysed by Maurice for 4 turns
 10409 | D:11     | Got a faintly glowing scale mail
 10460 | D:10     | Identified the +1 scale mail of the Commoners {rPois} (You
                  | found it on level 11 of the Dungeon)
 10548 | D:11     | Found a staircase to the Orcish Mines.
 10730 | D:11     | Noticed a seven-headed hydra
 10734 | D:11     | Noticed an orc knight
 10740 | D:11     | Killed a seven-headed hydra
 10752 | D:11     | Killed an orc knight
 10766 | D:11     | Noticed a deep elf mage
 11196 | D:11     | Paralysed by Maurice for 2 turns
 11207 | D:11     | Paralysed by something for 2 turns
 11502 | D:11     | Killed a deep elf mage
 11609 | D:11     | Found a roughly hewn altar of Beogh.
 11645 | D:11     | Reached skill level 10 in Shields
 11662 | D:11     | Noticed a frost giant
 11668 | D:11     | Killed from afar by a frost giant

Levels and vault maps discovered:
D:1:      moated_graveyard_arrival, layout_basic, serial_rivers,
          chequers_serial_rivers_micro_b, chequers_serial_rivers_small_a,
          chequers_serial_rivers_small_a, chequers_serial_rivers_room_a,
          chequers_serial_rivers_marsh
D:2:      layout_basic
D:3:      layout_basic, uniq_robin
D:4:      cheibrodos_thug_alley, layout_basic, lemuel_temple_firewalk_b,
          uniq_edmund
D:5:      minmay_bubble_buster, layout_loops_cross, overflow_temple_1_default,
          nicolae_overflow_hidden_temple, first_ration, dk_vineyard_3
D:6:      layout_cave_pools, basic_altar, kb_rosetta, uniq_duvessa,
          uniq_menkaure
D:7:      layout_gridville, lemuel_coloured_pillars_altar, slow_altar_1,
          grunt_temple_overflow_open, serial_shops, shop, shop_fountains,
          nicolae_shop_temple_entry_statues_fountains, minivault_11,
          uniq_crazy_yiuf_cottage, uniq_joseph
D:8:      layout_basic
D:9:      layout_loops_ring, grunt_dithmenos_shadows, uniq_erolcha
D:10:     layout_loops_corners, minmay_lair_entry_grove
D:11:     minmay_tearing_corner, layout_small_grid,
          minmay_orc_entry_temple_small, uniq_maurice, uniq_erica

Skill      XL: |  1  2  3  4  5  6  7  8  9 10 11 |
---------------+----------------------------------+-----
Fighting       | 4 5 6 7 9 10 | 10.8
Axes           | 4 5 6 7 8 9 10 | 10.8
Armour         | 3 5 8 11 13 14 | 14.7
Maces & Flails | 1 |  1.3
Shields        | 2 5 7 10 | 10.0
Dodging        | |  2.1
Evocations     | |  0.2

Action                   |  1- 3 |  4- 6 |  7- 9 | 10-12 || total
-------------------------+-------+-------+-------+-------++-------
Melee: Hand axe          |    42 |   175 |    22 |       ||   239
       Headbutt          |     8 |    14 |    35 |    55 ||   112
       Flail             |       |       |   200 |   349 ||   549
Invok: Berserk           |     1 |     5 |     6 |     8 ||    20
       Trog's Hand       |       |     3 |     4 |     7 ||    14
Evoke: Wand              |       |       |       |     3 ||     3
  Use: Scroll            |       |       |       |    14 ||    14
  Eat: Chunk             |       |    11 |    18 |    16 ||    45
       Ration            |       |     1 |     1 |     2 ||     4
Armor: Animal skin       |     7 |    24 |       |       ||    31
       Chain mail        |       |       |    90 |    42 ||   132
       Plate armour      |       |       |       |   128 ||   128
Dodge: Dodged            |    33 |    93 |    76 |   115 ||   317
Block: Shield            |       |       |    98 |   245 ||   343

Table legend:
 A = Non-vault XP
 B = Vault XP
 C = Vault XP percentage of total XP
 D = Non-vault monster count
 E = Vault monster count
 F = Vault count percentage of total count
                 A         B        C        D         E       F
            +---------+---------+-------+---------+---------+-------
      Total |   12004 |    9544 |  44.3 |     227 |      74 |  24.6
            +---------+---------+-------+---------+---------+-------
        D:1 |      31 |       0 |   0.0 |      19 |       0 |   0.0
        D:2 |     285 |       0 |   0.0 |      36 |       0 |   0.0
        D:3 |      50 |      35 |  41.2 |      19 |      11 |  36.7
        D:4 |     466 |     319 |  40.6 |      18 |      12 |  40.0
        D:5 |     367 |     266 |  42.0 |      14 |       8 |  36.4
        D:6 |     735 |     584 |  44.3 |      18 |       7 |  28.0
        D:7 |     856 |     535 |  38.5 |      18 |       3 |  14.3
        D:8 |    1723 |       0 |   0.0 |      26 |       0 |   0.0
        D:9 |     797 |     986 |  55.3 |      15 |       2 |  11.8
       D:10 |    2629 |    2107 |  44.5 |      10 |      13 |  56.5
       D:11 |    4065 |    4712 |  53.7 |      34 |      18 |  34.6
            +---------+---------+-------+---------+---------+-------
